 Dungeon Crawl Stone Soup version 0.23.1 (webtiles) character file.

Game seed: 0

274429 nikopol the Crack Shot (level 19, -5/261 HPs)
             Began as a Minotaur Berserker on Mar 7, 2019.
             Was the Champion of Trog.
             Blown up by an orb spider (24 damage)
             ... with an orb of destruction
             ... on level 1 of the Spider Nest on Mar 8, 2019.
             The game lasted 01:27:41 (32344 turns).

nikopol the Crack Shot (Minotaur Berserker)        Turns: 32344, Time: 01:27:41

Health: -5/261     AC: 28    Str: 36    XL:     19   Next: 91%
Magic:  18/18      EV: 13    Int:  4    God:    Trog [******]
Gold:   2453       SH:  0    Dex: 11    Spells: 18/18 levels left

rFire    . . .     SeeInvis .   a - +5 glaive (protect)
rCold    + . .     Gourm    .   (shield currently unavailable)
rNeg     . . .     Faith    .   V - +0 chain mail "Earthly Heaven" {rPois MR+ Dex+2}
rPois    +         Spirit   .   O - +2 hat
rElec    .         Reflect  .   q - scarf {cloud immunity}
rCorr    .         Harm     .   P - +2 pair of gloves {archery}
MR       +++..                  Y - +1 pair of boots
Stlth    ..........             T - amulet of regeneration
HPRegen  0.93/turn              u - ring of protection from cold
MPRegen  0.16/turn              A - ring of protection from magic

@: berserking (expiring), lethally poisoned (-5 -> -8), protection aura, very
quick
A: retaliatory headbutt, horns 2
}: 1/15 runes: decaying
a: Berserk, Trog's Hand, Brothers in Arms, Renounce Religion


You were on level 1 of the Spider Nest.
You worshipped Trog.
Trog was exalted by your worship.
You were very hungry.

You visited 5 branches of the dungeon, and saw 28 of its levels.
You also visited: Sewer, Bailey and Volcano.

You collected 2813 gold pieces.
You spent 360 gold pieces at shops.

Inventory:

Hand Weapons
 a - a +5 glaive of protection (weapon)
 z - the +9 longbow "Xeifacua" {freeze, +Fly rN+ MR++}
   (Trog gifted it to you on level 1 of the Lair of Beasts)

   It causes projectiles fired from it to freeze those they strike, causing
   extra injury to most foes and up to half again as much damage against
   particularly susceptible opponents.
   They can also slow down cold-blooded creatures.
   It protects you from negative energy.
   It affects your resistance to hostile enchantments.
   It lets you fly.
 L - a +3 antimagic spear
Missiles
 i - 607 bolts
 v - 921 arrows
Armour
 p - a +4 chain mail of fire resistance
 q - a scarf of cloud immunity (worn)
 O - a +2 hat (worn)
 P - a +2 pair of gloves of archery (worn)
 V - the +0 chain mail "Earthly Heaven" (worn) {rPois MR+ Dex+2}
   (You took it off an orc warrior on level 2 of the Orcish Mines)

   It affects your dexterity (+2).
   It protects you from poison.
   It affects your resistance to hostile enchantments.
 Y - a +1 pair of boots (worn)
Jewellery
 u - a ring of protection from cold (left hand)
 A - a ring of protection from magic (right hand)
 R - an uncursed ring of flight
 T - an amulet of regeneration (around neck)
 X - an uncursed ring of see invisible
Wands
 b - a wand of scattershot (5)
 e - a wand of clouds (6)
 t - a wand of acid (13)
 x - a wand of flame (47)
 C - a wand of polymorph (37)
 E - a wand of paralysis (9)
 H - a wand of iceblast (25)
 U - a wand of disintegration (20)
Scrolls
 f - 12 scrolls of remove curse
 g - 7 scrolls of enchant weapon
 j - 4 scrolls of fear
 k - 13 scrolls of teleportation
 l - 4 scrolls of blinking
 n - a scroll of summoning
 B - 2 scrolls of vulnerability
 F - a scroll of acquirement
 N - 2 scrolls of fog
Potions
 d - 2 potions of resistance
 h - 13 potions of curing
 m - 4 potions of heal wounds
 o - 6 potions of haste
 r - 2 potions of cancellation
 s - 3 potions of ambrosia
 w - 3 potions of might
 D - a potion of flight
 G - 2 potions of invisibility
 J - a potion of brilliance
 K - 5 potions of lignification
 Q - 7 potions of agility
 S - 4 potions of magic
Comestibles
 c - 47 rations


   Skills:
 + Level 16.5 Fighting
   Level 2.3 Maces & Flails
 * Level 18.3 Polearms
 * Level 21.3 Bows
 + Level 14.3 Armour
 + Level 7.1 Dodging
 + Level 3.5 Stealth


You had 18 spell levels left.
You didn't know any spells.
Your spell library was empty.

Dungeon Overview and Level Annotations

Branches:
Dungeon (15/15)            Temple (0/1) D:6            Lair (6/6) D:9
  Swamp (4/4) Lair:3       Spider (1/4) Lair:2        Slime (0/5) Lair:6
    Orc (2/2) D:10            Elf (0/3) Orc:2        Vaults (0/5) D:13
 Depths (0/5) D:15

Altars:
Cheibriados
Dithmenos
Gozag
Hepliaklqana
Okawaru
Qazlal
Ru
Sif Muna
Trog
Uskayaw
Wu Jian
Xom
Yredelemnul
Zin
The Shining One
Beogh
Jiyva

Shops:
D:4 (   D:8 (   D:13 *   Orc:2 **([

Portals:
Trove: D:14 (give 3 potions of resistance)


Innate Abilities, Weirdness & Mutations

You reflexively headbutt those who attack you in melee.
You have a pair of horns on your head.


Message History

You see here a redback corpse.
You slash the demonic crawler!
The demonic crawler is severely wounded.
You feel sick.
The redback bites you but does no damage.
The tarantella completely misses you. You furiously retaliate!
You headbutt the tarantella!
You feel sick. The redback closely misses you. You furiously retaliate!
You headbutt the redback!!
Found 13 arrows and 15 bolts.
You feel a strong urge to attack something.
A redback comes into view.
You feel sick.
The redback bites you but does no damage.
The redback moves out of view.
Found a stone staircase leading down.
You feel sick.
The redback bites you but does no damage.
The orb of destruction hits you!!
You die...

.........###...#.....(
........##.#...#.......
........#..#.(.#.(.....
........#..#○.(...(..###
........#.(.s.(.........
........#...°((†(.%(.(>.
...........†.○ss.((.....
......^.....#(○ss.......
........###^#.s○@..#..
.........^###......#
............#....###
......).....##.....
..#..........##..!.
..#...........######
.##.............####
##.................#####
.#.........†......##...##


You could see a demonic crawler, an orb spider, a tarantella and 3 redbacks.

Vanquished Creatures
  Nikola (Swamp:3)
  A bone dragon (Swamp:4)
  Jorgrun (Swamp:1)
  Rupert (D:15)
  Gastronok (Lair:3)
  Kirke (D:14)
  2 thorn hunters
  Agnes (D:15)
  Roxanne (Swamp:3)
  An emperor scorpion (Spider:1)
  5 orc warlords
  Aizul (Swamp:2)
  Nessos (D:15)
  A stone giant (Volcano)
  Azrael (D:15)
  A fire dragon (D:14)
  15 hydras
  Fannar (Lair:3)
  4 ghost crabs
  Harold (D:8)
  A vault guard (D:13)
  The ghost of grocchini the Slicer, a journeyman VSFi of Uskayaw (Lair:3)
  3 ogre magi (D:15)
  9 two-headed ogres
  3 centaur warriors
  A shambling mangrove (Swamp:4)
  15 alligators
  A tengu warrior (D:15)
  An orc high priest (Orc:2)
  3 deep elf knights
  9 skeletal warriors (D:13)
  A death drake (Swamp:4)
  4 unseen horrors
  5 swamp dragons
  A flayed ghost (D:15)
  A deep troll (D:15)
  4 orc knights
  A spectral hydra (Swamp:4)
  A wolf spider zombie (D:15)
  A phantasmal warrior (Swamp:4)
  A manticore (D:12)
  6 orb spiders (Spider:1)
  6 ugly things
  4 orc sorcerers
  A wolf spider (Spider:1)
  5 deep elf magi
  6 cyclopes
  3 elephants (Lair:5)
  Maurice (D:8)
  7 black mambas
  2 gargoyles (D:13)
  18 spiny frogs
  A kobold demonologist (D:15)
  Psyche (D:11)
  2 swamp worm zombies (Swamp:4)
  A yaktaur (D:15)
  2 efreet
  3 rime drakes
  8 komodo dragons
  2 demonic crawlers (Spider:1)
  4 jumping spiders (Spider:1)
  11 tyrant leeches
  5 trolls
  A wolf spider simulacrum (D:15)
  10 blink frogs
  15 hornets
  4 polar bears
  2 spectral swamp dragons (Swamp:4)
  21 slime creatures
  A blink frog (shapeshifter) (D:15)
  19 dream sheep
  12 bog bodies
  2 alligator zombies (Swamp:4)
  6 hippogriffs
  A meliai zombie (D:13)
  18 spriggans
  17 redbacks (Spider:1)
  7 shadows
  4 tarantellas
  2 vampires
  Sigmund (D:2)
  11 fire bats
  5 wyverns
  A water elemental (D:14)
  A human (D:9)
  34 yaks
  2 wraiths (D:15)
  8 fire elementals
  8 hogs
  4 basilisks
  3 hungry ghosts
  9 vampire mosquitoes
  5 wargs
  13 insubstantial wisps (Swamp:4)
  15 swamp worms
  A soldier ant (D:12)
  A two-headed ogre zombie (D:10)
  3 acid dragons
  9 water moccasins
  Duvessa (D:5)
  A hell hound (D:15)
  6 swamp drakes
  14 porcupines
  Purgy (Sewer)
  45 orc warriors
  6 ice beasts
  4 sky beasts
  4 black bears
  An eye of draining (D:15)
  6 swamp dragon zombies (Swamp:4)
  10 phantoms
  A necrophage (D:11)
  43 wolves
  4 boggarts (Lair:6)
  9 ogres
  24 centaurs
  18 crocodiles
  A big kobold (D:7)
  14 bullfrogs
  A water moccasin zombie (D:8)
  Dowan (D:5)
  4 wyvern skeletons
  3 scorpions
  3 troll zombies (D:10)
  13 wights
  4 killer bees (D:9)
  3 crimson imps
  2 centaur zombies
  3 bullfrog zombies
  6 lava snakes (Volcano)
  5 centaur skeletons
  3 hounds
  2 jellies
  9 orc priests
  5 bullfrog skeletons
  8 iguanas
  Crazy Yiuf (D:5)
  18 orc wizards
  A spectral swamp drake (Swamp:4)
  8 hell rats (Lair:1)
  7 worker ants
  4 ogre zombies (D:10)
  A hound zombie (D:8)
  A hound skeleton (D:9)
  3 worker ant zombies
  3 gnolls (Bailey)
  9 adders
  4 swamp drake zombies (Swamp:4)
  9 river rats
  3 shadow imps
  An ooze (D:1)
  An adder zombie (D:6)
  2 adder skeletons
  2 worms
  2 dart slugs
  8 leopard geckos
  68 orcs
  4 ball pythons
  10 bats
  9 giant cockroaches
  3 goblins
  5 hobgoblins
  9 jackals
  12 quokkas
  3 frilled lizards
  A goblin skeleton (D:10)
  3 goblin zombies (D:10)
  2 hobgoblin skeletons (D:10)
  2 hobgoblin zombies (D:10)
  26 kobolds
  4 orc skeletons (D:10)
  13 orc zombies (D:10)
  A quokka skeleton (D:4)
  A quokka zombie (D:5)
  18 rats
  A fungus (Lair:3)
  A plant (Lair:1)
1056 creatures vanquished.

Vanquished Creatures (collateral kills)
  A tyrant leech (Swamp:4)
1 creature vanquished.

Vanquished Creatures (others)
  A tyrant leech (Swamp:4)
  5 insubstantial wisps (Swamp:4)
  A swamp drake (Swamp:4)
  A swamp dragon zombie (Swamp:4)
  An orc (Orc:2)
  17 fungi
  11 plants
37 creatures vanquished.

Grand Total: 1094 creatures vanquished

Notes
Turn   | Place    | Note
-------+----------+-------------------------------------------
     0 | D:1      | nikopol the Minotaur Berserker began the quest for the Orb.
     0 | D:1      | Reached XP level 1. HP: 19/19 MP: 0/0
     2 | D:1      | Noticed a dwarf
     2 | D:1      | Noticed a spriggan
     4 | D:1      | Noticed an ogre
     4 | D:1      | Noticed a vampire
     6 | D:1      | Noticed a ghoul
     6 | D:1      | Noticed an elf
     8 | D:1      | Noticed a vine stalker
    10 | D:1      | Noticed a formicid
    10 | D:1      | Noticed a minotaur
    12 | D:1      | Noticed a demonspawn
    12 | D:1      | Noticed an octopode
    16 | D:1      | Noticed a naga
    16 | D:1      | Noticed a centaur
    18 | D:1      | Noticed a human
    18 | D:1      | Noticed a demigod
    20 | D:1      | Noticed a gargoyle
    20 | D:1      | Noticed a felid
    22 | D:1      | Noticed a merfolk
    22 | D:1      | Noticed a halfling
    24 | D:1      | Noticed a troll
    26 | D:1      | Noticed a draconian
    26 | D:1      | Noticed a tengu
   179 | D:1      | Reached XP level 2. HP: 26/27 MP: 1/1
  1223 | D:2      | Noticed Sigmund
  1226 | D:2      | Reached XP level 3. HP: 33/33 MP: 2/2
  1235 | D:2      | Killed Sigmund
  1235 | D:2      | Reached skill level 5 in Polearms
  1235 | D:2      | Reached skill level 1 in Stealth
  1235 | D:2      | Reached XP level 4. HP: 41/41 MP: 3/3
  1235 | D:2      | Reached XP level 5. HP: 47/47 MP: 4/4
  1254 | D:2      | Reached ** piety under Trog
  1271 | D:2      | Reached skill level 5 in Fighting
  1649 | D:3      | Found a glowing drain.
  1679 | Sewer    | Entered a sewer
  1764 | Sewer    | Noticed Purgy
  1773 | Sewer    | Killed Purgy
  1773 | Sewer    | Reached XP level 6. HP: 56/56 MP: 5/5
  2047 | D:3      | Found a glowing silver altar of Zin.
  2567 | D:3      | Found a sacrificial altar of Ru.
  2589 | D:3      | Reached *** piety under Trog
  2983 | D:4      | Found a snail-covered altar of Cheibriados.
  3244 | D:4      | Reached XP level 7. HP: 54/61 MP: 6/6
  3544 | D:4      | Found Acioc's Antique Weapon Shoppe.
  3991 | D:5      | Entered Level 5 of the Dungeon
  4050 | D:5      | Noticed Duvessa
  4050 | D:5      | Noticed Dowan
  4057 | D:5      | Killed Duvessa
  4061 | D:5      | Killed Dowan
  4270 | D:5      | Found a deep blue altar of Sif Muna.
  4398 | D:5      | Reached XP level 8. HP: 69/70 MP: 2/7
  4456 | D:5      | Found an opulent altar of Gozag.
  4548 | D:5      | Reached skill level 5 in Armour
  4612 | D:5      | Found a runed translucent door.
  4613 | D:5      | Noticed Crazy Yiuf
  4621 | D:5      | Killed Crazy Yiuf
  4829 | D:5      | Found a shimmering altar of Xom.
  4829 | D:5      | Found an ornate altar of the Wu Jian Council.
  4874 | D:5      | Found an iron altar of Okawaru.
  4997 | D:6      | Reached **** piety under Trog
  5002 | D:6      | Found a bloodstained altar of Trog.
  5063 | D:6      | Found a hazy altar of Hepliaklqana.
  5157 | D:6      | Reached skill level 1 in Bows
  5164 | D:6      | Found a staircase to the Ecumenical Temple.
  5356 | D:6      | Reached skill level 2 in Bows
  5390 | D:6      | Reached XP level 9. HP: 79/79 MP: 2/8
  5596 | D:6      | Reached skill level 3 in Bows
  5822 | D:7      | Reached skill level 10 in Polearms
  5894 | D:7      | You fall through a shaft!
  5900 | D:8      | Noticed Harold
  5943 | D:8      | Killed Harold
  5943 | D:8      | Reached skill level 5 in Bows
  6004 | D:8      | Found a shadowy altar of Dithmenos.
  6022 | D:8      | Noticed Maurice
  6039 | D:8      | Killed Maurice
  6039 | D:8      | Reached skill level 6 in Bows
  6105 | D:8      | Found Qutiyf's Antique Weapon Shoppe.
  6158 | D:8      | Found a glowing golden altar of the Shining One.
  6381 | D:7      | Reached XP level 10. HP: 65/88 MP: 3/9
  6430 | D:7      | Received a gift from Trog
  6736 | D:8      | Reached skill level 7 in Bows
  7156 | D:9      | Received a gift from Trog
  7559 | D:9      | Reached skill level 8 in Bows
  8147 | D:9      | Found a staircase to the Lair.
  8576 | D:9      | Found a basalt altar of Yredelemnul.
  8655 | D:9      | Reached skill level 9 in Bows
  8825 | D:9      | Found a hide-covered altar of Uskayaw.
  9012 | D:9      | Found an iron altar of Okawaru.
  9115 | Lair:1   | Entered Level 1 of the Lair of Beasts
  9170 | Lair:1   | Noticed a six-headed hydra
  9175 | Lair:1   | Reached ***** piety under Trog
  9177 | Lair:1   | Reached XP level 11. HP: 63/97 MP: 3/10
  9205 | D:9      | Received a gift from Trog
  9531 | D:8      | Bought a pitted mace for 240 gold pieces
  9531 | D:8      | Identified the +7 mace "Kaonin" {drain, Int+3} (You bought
                  | it in a shop on level 8 of the Dungeon)
  9588 | D:9      | Killed a six-headed hydra
  9944 | Lair:1   | Reached skill level 1 in Maces & Flails
 10100 | Lair:1   | Noticed a four-headed hydra
 10128 | Lair:1   | Killed a four-headed hydra
 10394 | Lair:1   | Noticed a five-headed hydra
 10403 | Lair:1   | Killed a five-headed hydra
 10403 | Lair:1   | Reached skill level 10 in Bows
 10411 | Lair:1   | Received a gift from Trog
 10642 | Lair:1   | Reached skill level 10 in Fighting
 12080 | Lair:1   | Received a gift from Trog
 12115 | Lair:1   | Reached skill level 10 in Armour
 12694 | Lair:1   | Received a gift from Trog
 12700 | Lair:1   | Got a transparent longbow {god gift}
 12701 | Lair:1   | Identified the +9 longbow "Xeifacua" {freeze, +Fly rN+
                  | MR++} (Trog gifted it to you on level 1 of the Lair of
                  | Beasts)
 13037 | Lair:2   | Reached skill level 11 in Bows
 13037 | Lair:2   | Reached XP level 12. HP: 100/107 MP: 11/11
 13041 | Lair:2   | Found a dark tunnel.
 13055 | Volcano  | Entered a volcano
 13374 | Volcano  | Noticed a stone giant
 13378 | Volcano  | Killed a stone giant
 13381 | Volcano  | Reached skill level 12 in Bows
 13459 | Volcano  | Found a radiant altar of Vehumet.
 13914 | Lair:2   | Found a hole to the Spider Nest.
 14232 | Lair:3   | Noticed Fannar
 14245 | Lair:3   | Killed Fannar
 14271 | Lair:3   | Noticed Gastronok
 14272 | Lair:3   | Reached skill level 13 in Bows
 14279 | Lair:3   | Killed Gastronok
 14606 | Lair:3   | Found a runed translucent door.
 14611 | Lair:3   | Identified the +5 spear "Turewkem" {pierce, MR+ Str+2
                  | Dex+5}
 14611 | Lair:3   | Noticed grocchini's ghost (journeyman VSFi)
 14766 | Lair:3   | Reached skill level 14 in Bows
 14951 | Lair:3   | Noticed a six-headed hydra
 14960 | Lair:3   | Killed a six-headed hydra
 15081 | Lair:3   | Noticed a four-headed hydra
 15085 | Lair:3   | Killed a four-headed hydra
 15085 | Lair:3   | Reached XP level 13. HP: 116/116 MP: 12/12
 15086 | Lair:3   | Found a staircase to the Swamp.
 15449 | Lair:3   | Killed grocchini's ghost
 15497 | Lair:4   | Received a gift from Trog
 16058 | Lair:4   | Reached skill level 15 in Bows
 16442 | Lair:5   | Received a gift from Trog
 17409 | Lair:6   | Entered Level 6 of the Lair of Beasts
 17432 | Lair:6   | Reached skill level 16 in Bows
 17591 | Lair:6   | Paralysed by a hornet for 3 turns
 17786 | Lair:6   | Reached XP level 14. HP: 126/126 MP: 13/13
 17799 | Lair:6   | Received a gift from Trog
 18538 | Lair:6   | Found a staircase to the Slime Pits.
 18539 | Lair:6   | Found a viscous altar of Jiyva.
 18914 | D:10     | Entered Level 10 of the Dungeon
 18919 | D:10     | Found a flagged portal.
 18963 | D:10     | Reached skill level 17 in Bows
 18976 | Bailey   | Entered a bailey
 18983 | Bailey   | Noticed an orc warlord
 19049 | Bailey   | Received a gift from Trog
 19111 | Bailey   | Found a runed translucent gate.
 19113 | Bailey   | Found a runed translucent gate.
 19115 | Bailey   | Found a runed translucent gate.
 19244 | Bailey   | Killed an orc warlord
 19310 | D:10     | Reached skill level 5 in Dodging
 19452 | D:10     | Received a gift from Trog
 19491 | D:10     | Found a staircase to the Orcish Mines.
 19954 | Orc:1    | Entered Level 1 of the Orcish Mines
 20000 | Orc:1    | Noticed an orc warlord
 20019 | Orc:1    | Killed an orc warlord
 20239 | Orc:1    | Reached ****** piety under Trog
 20412 | Orc:2    | Entered Level 2 of the Orcish Mines
 20424 | Orc:2    | Received a gift from Trog
 20431 | Orc:2    | Noticed an orc warlord
 20561 | Orc:1    | Killed an orc warlord
 21333 | Orc:2    | Received a gift from Trog
 21538 | Orc:2    | Found a roughly hewn altar of Beogh.
 21555 | Orc:2    | Found a staircase to the Elven Halls.
 21627 | Orc:2    | Noticed an orc warlord
 21627 | Orc:2    | Identified the +0 chain mail "Earthly Heaven" {rPois MR+
                  | Dex+2}
 21636 | Orc:2    | Killed an orc warlord
 21636 | Orc:2    | Reached skill level 15 in Polearms
 21636 | Orc:2    | Reached skill level 18 in Bows
 21655 | Orc:2    | Noticed an orc warlord
 21672 | Orc:2    | Killed an orc warlord
 22145 | Orc:2    | Found Nynann's General Store.
 22145 | Orc:2    | Found Mutseeb's Antique Weapon Emporium.
 22147 | Orc:2    | Found Eqei's Armour Shoppe.
 22149 | Orc:2    | Found Gaelily's Assorted Antiques.
 22153 | Orc:2    | Bought a potion of haste for 120 gold pieces
 22399 | D:11     | Received a gift from Trog
 22427 | D:11     | Noticed Psyche
 22433 | D:11     | Killed Psyche
 22550 | D:11     | Found a hazy altar of Hepliaklqana.
 22785 | D:11     | Reached XP level 15. HP: 134/134 MP: 14/14
 23042 | D:12     | Received a gift from Trog
 24360 | D:13     | Found Nuklacam's General Store.
 24617 | D:13     | Received a gift from Trog
 24738 | D:13     | Reached skill level 19 in Bows
 24854 | D:13     | Found a gate to the Vaults.
 25172 | D:14     | Received a gift from Trog
 25240 | D:14     | Noticed Kirke
 25338 | D:14     | Found a portal to a secret trove of treasure.
 25394 | D:14     | Killed Kirke
 25726 | D:14     | Reached XP level 16. HP: 145/145 MP: 15/15
 25727 | D:14     | Reached XP level 17. HP: 152/152 MP: 16/16
 25728 | D:14     | Reached XP level 18. HP: 160/160 MP: 17/17
 26002 | D:15     | Entered Level 15 of the Dungeon
 26019 | D:15     | Received a gift from Trog
 26020 | D:15     | Noticed Nessos
 26022 | D:15     | Killed Nessos
 26037 | D:15     | Reached skill level 20 in Bows
 26072 | D:15     | Found a staircase to the Depths.
 26575 | D:15     | Noticed Azrael
 26604 | D:15     | Killed Azrael
 26726 | D:15     | Noticed Rupert
 26732 | D:15     | Killed Rupert
 26804 | D:15     | Noticed Agnes
 26817 | D:15     | Killed Agnes
 26995 | D:15     | Reached XP level 19. HP: 169/169 MP: 18/18
 27263 | Swamp:1  | Entered Level 1 of the Swamp
 27288 | Swamp:1  | Noticed Jorgrun
 27435 | Swamp:1  | Killed Jorgrun
 27526 | Swamp:1  | Reached skill level 15 in Fighting
 27570 | Swamp:1  | Received a gift from Trog
 28165 | Swamp:1  | Found a stormy altar of Qazlal.
 28504 | Swamp:2  | Received a gift from Trog
 28515 | Swamp:2  | Noticed Aizul
 28811 | Swamp:2  | Killed Aizul
 29616 | Swamp:3  | Noticed Nikola
 29632 | Swamp:3  | Killed Nikola
 29784 | Swamp:3  | Noticed Roxanne
 29793 | Swamp:3  | Killed Roxanne
 30265 | Swamp:4  | Entered Level 4 of the Swamp
 30267 | Swamp:4  | Reached skill level 21 in Bows
 30316 | Swamp:4  | Received a gift from Trog
 30569 | Swamp:4  | Identified a scroll of acquirement
 30577 | Swamp:4  | Got a twisted ring mail
 30863 | Swamp:4  | Noticed a bone dragon
 30885 | Swamp:4  | Killed a bone dragon
 31117 | Swamp:4  | Received a gift from Trog
 31236 | Swamp:4  | Got a decaying rune of Zot
 31458 | Swamp:4  | Received a gift from Trog
 31945 | Spider:1 | Entered Level 1 of the Spider Nest
 32069 | Spider:1 | Received a gift from Trog
 32073 | Spider:1 | Got a crystal bardiche {god gift}
 32074 | Spider:1 | Identified the +3 bardiche "Qogg" {vamp, rPois rC++ Str-5
                  | Int+4} (Trog gifted it to you on level 1 of the Spider
                  | Nest)
 32344 | Spider:1 | Blown up by an orb spider

Skill      XL: |  1  2  3  4  5  6  7  8  9 10 11 12 13 14 15 16 17 18 19 |
---------------+----------------------------------------------------------+-----
Polearms       | 4 5 6 7 9 11 12 13 14 15 16 18 | 18.3
Fighting       | 4 5 7 8 9 10 11 12 13 14 16 | 16.5
Armour         | 3 4 6 7 10 11 12 13 14 | 14.3
Stealth        | 1 2 3 |  3.5
Dodging        | 3 4 5 6 7 |  7.1
Bows           | 2 6 9 11 14 16 18 19 20 21 | 21.3
Maces & Flails | 2 |  2.3

Action                   |  1- 3 |  4- 6 |  7- 9 | 10-12 | 13-15 | 16-18 | 19-21 || total
-------------------------+-------+-------+-------+-------+-------+-------+-------++-------
Melee: Spear             |    39 |   146 |   368 |   509 |   454 |   107 |   103 ||  1726
       Headbutt          |     2 |    21 |    55 |   112 |   114 |    38 |    84 ||   426
       Mace              |       |       |       |    19 |       |       |       ||    19
       Longbow           |       |       |       |       |     1 |       |       ||     1
       Glaive            |       |       |       |       |       |       |   258 ||   258
 Fire: Shortbow          |       |       |    85 |   217 |       |       |       ||   302
       Longbow           |       |       |       |   171 |   756 |   109 |   413 ||  1449
Invok: Berserk           |     1 |     2 |     2 |     6 |     5 |     2 |     2 ||    20
  Use: Scroll            |       |       |       |    15 |    12 |       |     8 ||    35
       Potion            |       |       |       |     2 |     1 |     2 |       ||     5
 Stab: Sleeping          |     2 |     9 |       |       |       |       |       ||    11
  Eat: Chunk             |       |     9 |     9 |    29 |    34 |     7 |    14 ||   102
       Ration            |       |       |     1 |     1 |     1 |       |     1 ||     4
Armor: Animal skin       |       |     9 |       |       |       |       |       ||     9
       Ring mail         |       |     3 |       |       |       |       |       ||     3
       Chain mail        |       |       |    66 |   190 |   287 |    30 |   216 ||   789
       Skin              |       |       |    10 |       |       |       |       ||    10
Dodge: Dodged            |    16 |    54 |    83 |   219 |   248 |    46 |   192 ||   858
